 Dungeon Crawl Stone Soup version 0.27.0-1-g7a089689b8 (webtiles) character file.

Game seed: 6984482794623536696

61 Leibowitz the Cutter (level 4, 0/29 HPs)
             Began as a Kobold Berserker on Aug 11, 2021.
             Was a Believer of Trog.
             Slain by Sigmund (5 damage)
             ... on level 2 of the Dungeon.
             The game lasted 00:03:30 (2274 turns).

Leibowitz the Cutter (Kobold Berserker)             Turns: 2274, Time: 00:03:31

Health: 0/29       AC:  4    Str: 14    XL:     4   Next: 27%
Magic:  4/4        EV: 14    Int:  8    God:    Trog [**....]
Gold:   54         SH:  4    Dex: 15    Spells: 3/3 levels left

rFire    . . .     SeeInvis .   j - +1 dagger (speed)
rCold    . . .     Faith    .   k - +0 buckler
rNeg     . . .     Spirit   .   e - +0 leather armour
rPois    .         Reflect  .   m - +0 helmet
rElec    .         Harm     .   (no cloak)
rCorr    .         Rampage  .   (no gloves)
Will     .....                  (no boots)
Stlth    +++.......             (no amulet)
HPRegen  0.09/turn              (no ring)
MPRegen  0.09/turn              (no ring)

@: on berserk cooldown, slowed, very slow
A: small, no large weapons, nightstalker 3
a: Renounce Religion, Berserk, Trog's Hand


You were on level 2 of the Dungeon.
You worshipped Trog.
Trog was pleased with you.
You visited 1 branch of the dungeon, and saw 2 of its levels.

You collected 54 gold pieces.

Inventory:

Hand Weapons
 a - a +0 short sword
 j - a +1 dagger of speed (weapon)
Missiles
 i - 14 poisoned darts (quivered)
Armour
 e - a +0 leather armour (worn)
 k - a +0 buckler (worn)
 m - a +0 helmet (worn)
Scrolls
 c - a scroll of noise {unknown}
 f - a scroll of silence {unknown}
 g - 2 scrolls of enchant weapon {unknown}
Potions
 d - a potion of mutation {unknown}
 h - a potion of brilliance {unknown}
 l - a potion of curing {unknown}


   Skills:
 + Level 4.0 Fighting
 + Level 4.6 Short Blades
 + Level 2.0 Armour
 + Level 3.0 Dodging
 + Level 1.4 Stealth


You had 3 spell levels left.
You didn't know any spells.
Your spell library was empty.

Dungeon Overview and Level Annotations

Branches:
Dungeon (2/15)

Altars:

Annotations:
D:2 Jessica, Sigmund


Innate Abilities, Weirdness & Mutations

You are small and have problems with some larger weapons.
You are completely attuned to the shadows.


Message History

The quokka twitches its whiskers.
The quokka bites you.
You barely miss Sigmund.
Sigmund is lightly wounded.
Jessica drinks a potion.
Jessica seems to speed up.
You block the adder's attack. Sigmund casts a spell at you.
You are confused.
You bump into the rock wall.
The quokka bites you but does no damage.
The adder bites you but does no damage.
You completely miss Sigmund.
Sigmund is lightly wounded.
Sigmund casts a spell at you. The magic dart hits you!
You miss the adder.
The quokka bites you but does no damage.
The adder bites you but does no damage.
You bump into the rock wall.
Sigmund misses you. The quokka bites you.
You miss the adder. The adder bites you but does no damage. Sigmund misses you.
You feel a strong urge to attack something.
Jessica casts a spell.
Jessica blinks!
You bump into the rock wall.
You are no longer berserk.
You are exhausted.
You feel yourself slow down.
You're too confused to move!
Jessica hits you with a +0 dagger. The adder closely misses you.
Jessica casts a spell.
Jessica blinks!
The adder closely misses you. The quokka closely misses you.
Jessica points at you and mumbles some strange words.
Pain shoots through your body!
* * * LOW HITPOINT WARNING * * *
You feel less confused. Sigmund completely misses you.
The adder bites you but does no damage. Jessica closely misses you.
Sigmund hits you from afar with a +0 scythe.
You die...

#...# #...# #...# ### .##
######...########.##...
...............#......#
......................)
................r...§..
######...#####.#S#@#.#. #...#
#..@@...... #.(.# ##.#.#.#.#.##
#...# #............## #...#
##.#.#.#.#.#..## ####...#
#............>.######
#.........##.#.#.#.#>#...(<...#
###.........#.............#####.#
.............#.#.#.#.#.#.†....
....#....#..#...........#.####


You could see Sigmund, an adder, Jessica (fast) and a quokka.

Vanquished Creatures
  2 worms (D:2)
  A dart slug (D:1)
  4 endoplasms
  6 giant cockroaches
  7 goblins
  2 hobgoblins (D:1)
  4 jackals (D:1)
  6 kobolds
  3 quokkas
  4 ball pythons (D:1)
  3 bats (D:1)
  A frilled lizard (D:1)
  A rat (D:1)
44 creatures vanquished.

Vanquished Creatures (others)
  2 demonic plants (D:1)
2 creatures vanquished.

Grand Total: 46 creatures vanquished

Notes
Turn   | Place    | Note
-------+----------+-------------------------------------------
     0 | D:1      | Leibowitz the Kobold Berserker began the quest for the Orb.
     0 | D:1      | Reached XP level 1. HP: 14/14 MP: 1/1
   127 | D:1      | Reached XP level 2. HP: 16/19 MP: 2/2
   208 | D:1      | Reached XP level 3. HP: 16/24 MP: 3/3
   561 | D:1      | Reached ** piety under Trog
   690 | D:1      | Found a faded altar of an unknown god.
  1179 | D:1      | Reached skill level 1 in Stealth
  1316 | D:2      | Reached XP level 4. HP: 7/29 MP: 4/4
  1696 | D:2      | Noticed Sigmund
  2261 | D:2      | Noticed Jessica
  2274 | D:2      | Slain by Sigmund

Illustrated notes

Levels and vault maps discovered:
D:1:      matt_arrival_los_fun, layout_loops_ring,
          dreamdust_ecumenical_altar_sealed_demon, minmay_hexomino_c4
D:2:      layout_loops_cross, st_stairs_10, uniq_sigmund, uniq_jessica

Skill      XL: |  1  2  3  4 |
---------------+-------------+-----
Dodging        | 3 |  3.0
Stealth        | 1 |  1.4
Fighting       | 4 |  4.0
Armour         | 2 |  2.0
Short Blades   | |  4.6

Action                   |  1- 3 |  4- 6 || total
-------------------------+-------+-------++-------
Melee: Short sword       |   155 |     1 ||   156
       Dagger            |       |    50 ||    50
Invok: Berserk           |       |     1 ||     1
 Stab: Sleeping          |     7 |     1 ||     8
Armor: Leather armour    |    47 |    10 ||    57
Dodge: Dodged            |   105 |    16 ||   121
Block: Buckler           |       |     8 ||     8
